NCAA
OREGON STATE BEAVERS @ MICHIGAN STATE SPARTANS
05/05/2023
 
TOP OF THE 1ST
Oregon State Beavers batting - Pitching for Michigan State Spartans : RHP Gerald Ricketts
Pitching: RHP Gerald Ricketts
Batting: RHB Elvis Hendrix 0-0: Ball
1-0: Ball
2-0: Fly out, F9 (Flyball, 9M)
Batting: LHB Horace Hess 0-0: Ground out 6-3 (Groundball, 6M)
Batting: RHB Marty Hendrickson 0-0: Called Strike
0-1: Ball
1-1: Ground out 2-3 (Groundball, 25)
Top of the 1st over - 0 run(s), 0 hit(s), 0 error(s), 0 left on base; Oregon State 0 - Michigan State 0
BOTTOM OF THE 1ST
Michigan State Spartans batting - Pitching for Oregon State Beavers : LHP Alejandro Alba
Pitching: LHP Alejandro Alba
Batting: RHB Mike Copeland 0-0: Ball
1-0: Called Strike
1-1: Called Strike
1-2: DOUBLE (Line Drive, 89M)
Batting: LHB Troy Jackson 0-0: Ball
1-0: Called Strike
1-1: Ball
2-1: SINGLE (Groundball, 23) (infield hit)
Mike Copeland to third
Batting: SHB Wayne Matthews 0-0: Ball
1-0: Ball
2-0: Fielders Choice at 2nd, 6-4 (Groundball, 6)
Mike Copeland scores
Batting: LHB Raúl Casillán 0-0: Ball
1-0: Ball
2-0: Swinging Strike
2-1: Ball
3-1: Base on Balls
Wayne Matthews to second
Batting: LHB Billy Anderson 0-0: Foul Ball, location: 2F
0-1: Foul Ball, location: 2F
0-2: Ball
1-2: Ball
2-2: SINGLE (Flyball, 7S)
Wayne Matthews to third
Raúl Casillán to second
Runner from 3rd tries for Home, throw and OUT!
Raúl Casillán to third
Billy Anderson to second
Batting: RHB Juan García 0-0: Foul Ball, location: 2F
0-1: Foul Ball, location: 2F
0-2: Ball
1-2: Foul Ball, location: 2F
1-2: Ground out 6-3 (Groundball, 6M)
Bottom of the 1st over - 1 run(s), 3 hit(s), 0 error(s), 2 left on base; Oregon State 0 - Michigan State 1
TOP OF THE 2ND
Oregon State Beavers batting - Pitching for Michigan State Spartans : RHP Gerald Ricketts
Batting: LHB Charlie Dennis 0-0: Ball
1-0: Foul Ball, location: 2F
1-1: Swinging Strike
1-2: Fly out, F3 (Line Drive, 34)
Batting: RHB Tom Hughes 0-0: Foul Ball, location: 2F
0-1: Foul Ball, location: 2F
0-2: Ball
1-2: Ball
2-2: Fly out, F7 (Flyball, 78M)
Batting: RHB Jorge Costa 0-0: Ball
1-0: Ball
2-0: Ball
3-0: Called Strike
3-1: Foul Ball, location: 2F
3-2: Base on Balls
Batting: RHB Abraham Hardy 0-0: Ball
1-0: Ball
Wild Pitch!
Jorge Costa to second
2-0: Ball
3-0: Base on Balls
Batting: RHB Ben Barker 0-0: Ball
1-0: Foul Ball, location: 2F
1-1: Ball
2-1: Foul Ball, location: 2F
2-2: TRIPLE (Line Drive, 9LS)
Jorge Costa scores
Abraham Hardy scores
Batting: SHB Gerald Young 0-0: Ball
1-0: Ground out 5-3 (Groundball, 5)
Top of the 2nd over - 2 run(s), 1 hit(s), 0 error(s), 1 left on base; Oregon State 2 - Michigan State 1
BOTTOM OF THE 2ND
Michigan State Spartans batting - Pitching for Oregon State Beavers : LHP Alejandro Alba
Batting: SHB Joe Hanson 0-0: Ground out 6-3 (Groundball, 6)
Batting: RHB Donald Brampton 0-0: Foul Ball, location: 2F
0-1: Foul Ball, location: 2F
0-2: Ball
1-2: Ball
2-2: Foul Ball, location: 2F
2-2: Strikes out swinging
Batting: SHB Edmond Richardson 0-0: Ball
1-0: Ball
2-0: Foul Ball, location: 2F
2-1: Swinging Strike
2-2: Ground out 6-3 (Groundball, 6)
Bottom of the 2nd over - 0 run(s), 0 hit(s), 0 error(s), 0 left on base; Oregon State 2 - Michigan State 1
TOP OF THE 3RD
Oregon State Beavers batting - Pitching for Michigan State Spartans : RHP Gerald Ricketts
Batting: RHB Elvis Hendrix 0-0: Ball
1-0: Ball
2-0: Foul Ball, location: 2F
2-1: Ball
3-1: Base on Balls
Batting: LHB Horace Hess 0-0: Ball
1-0: Swinging Strike
1-1: Ball
2-1: Foul Ball, location: 2F
2-2: SINGLE (Line Drive, 56)
Elvis Hendrix to second
Batting: RHB Marty Hendrickson 0-0: Ball
1-0: Ball
2-0: Fly out, F9 (Flyball, 89M)
Batting: LHB Charlie Dennis 0-0: Called Strike
0-1: Ball
1-1: Called Strike
1-2: Ball
2-2: Foul Ball, location: 2F
2-2: Strikes out swinging
Batting: RHB Tom Hughes 0-0: Ball
1-0: Ball
2-0: Ball
3-0: Called Strike
3-1: Base on Balls
Elvis Hendrix to third
Horace Hess to second
Batting: RHB Jorge Costa 0-0: Foul Ball, location: 2F
0-1: Ball
1-1: Ground out 4-3 (Groundball, 4)
Top of the 3rd over - 0 run(s), 1 hit(s), 0 error(s), 3 left on base; Oregon State 2 - Michigan State 1
BOTTOM OF THE 3RD
Michigan State Spartans batting - Pitching for Oregon State Beavers : LHP Alejandro Alba
Batting: RHB Mike Copeland 0-0: Ball
1-0: Reached on error, E5 (Groundball, 5S)
Batting: LHB Troy Jackson 0-0: Ball
1-0: Swinging Strike
1-1: Ball
2-1: Ground out U3 (Groundball, 3S)
Mike Copeland to second
Batting: SHB Wayne Matthews 0-0: Called Strike
0-1: Foul Ball, location: 2F
0-2: Ball
1-2: Ball
2-2: Foul Ball, location: 2F
2-2: Strikes out swinging
Batting: LHB Raúl Casillán 0-0: Called Strike
0-1: Reached on error, E5 (Groundball, 15S)
Mike Copeland scores
Batting: LHB Billy Anderson 0-0: Foul Ball, location: 2F
0-1: SINGLE (Line Drive, 9S)
Raúl Casillán to third
Runner from 3rd tries for Home, SAFE, no throw or cutoff
Batting: RHB Juan García 0-0: Called Strike
0-1: Ball
1-1: Ball
2-1: Swinging Strike
2-2: Strikes out swinging
Bottom of the 3rd over - 2 run(s), 1 hit(s), 2 error(s), 1 left on base; Oregon State 2 - Michigan State 3
TOP OF THE 4TH
Oregon State Beavers batting - Pitching for Michigan State Spartans : RHP Gerald Ricketts
Batting: RHB Abraham Hardy 0-0: Ball
1-0: Called Strike
1-1: Bunt for hit - play at first, batter safe!
Batting: RHB Ben Barker 0-0: Called Strike
0-1: Fielders Choice at 2nd, 6-4 (Groundball, 6)
Batting: SHB Gerald Young 0-0: Called Strike
0-1: Swinging Strike
0-2: Ball
1-2: Strikes out looking
Batting: RHB Elvis Hendrix 0-0: Ball
1-0: Ball
2-0: Fly out, F8 (Flyball, 8LM)
Top of the 4th over - 0 run(s), 1 hit(s), 0 error(s), 1 left on base; Oregon State 2 - Michigan State 3
BOTTOM OF THE 4TH
Michigan State Spartans batting - Pitching for Oregon State Beavers : LHP Alejandro Alba
Batting: SHB Joe Hanson 0-0: DOUBLE (Flyball, 89XD) - OUT at third base trying to stretch hit.
Batting: RHB Donald Brampton 0-0: SINGLE (Flyball, 9LS)
Batting: SHB Edmond Richardson 0-0: Called Strike
0-1: Ground out 5-3 (Groundball, 56S)
Donald Brampton to second
Batting: RHB Mike Copeland 0-0: Called Strike
0-1: Called Strike
0-2: Ball
1-2: Ball
2-2: Ball
3-2: Ground out 1-3 (Groundball, 25)
Bottom of the 4th over - 0 run(s), 2 hit(s), 0 error(s), 1 left on base; Oregon State 2 - Michigan State 3
TOP OF THE 5TH
Oregon State Beavers batting - Pitching for Michigan State Spartans : RHP Gerald Ricketts
Batting: LHB Horace Hess 0-0: Ground out 6-3 (Groundball, 6)
Batting: RHB Marty Hendrickson 0-0: Ball
1-0: SOLO HOME RUN (Flyball, 89XD), Distance : 374 ft
Batting: LHB Charlie Dennis 0-0: Ball
1-0: Ball
2-0: Called Strike
2-1: Ball
3-1: Ground out 4-3 (Groundball, 4M)
Batting: RHB Tom Hughes 0-0: Called Strike
0-1: Foul Ball, location: 2F
0-2: Strikes out looking
Top of the 5th over - 1 run(s), 1 hit(s), 0 error(s), 0 left on base; Oregon State 3 - Michigan State 3
BOTTOM OF THE 5TH
Michigan State Spartans batting - Pitching for Oregon State Beavers : LHP Alejandro Alba
Batting: LHB Troy Jackson 0-0: Ball
1-0: Foul Ball, location: 2F
1-1: Swinging Strike
1-2: Ball
2-2: SINGLE (Flyball, 89S)
Batting: SHB Wayne Matthews 0-0: Ball
1-0: SINGLE (Groundball, 56D)
Troy Jackson to second
Batting: LHB Raúl Casillán 0-0: Fly out, F7 (Flyball, 8LM)
Batting: LHB Billy Anderson 0-0: Called Strike
0-1: Foul Ball, location: 2F
0-2: Grounds into double play, U4-3 (Groundball, 4)
Bottom of the 5th over - 0 run(s), 2 hit(s), 0 error(s), 1 left on base; Oregon State 3 - Michigan State 3
TOP OF THE 6TH
Oregon State Beavers batting - Pitching for Michigan State Spartans : RHP Gerald Ricketts
Pitching: RHP Garry Pérez
Batting: RHB Jorge Costa 0-0: Called Strike
0-1: Ball
1-1: Ball
2-1: Called Strike
2-2: Fly out, F7 (Flyball, 78M)
Batting: RHB Abraham Hardy 0-0: Ball
1-0: Called Strike
1-1: SOLO HOME RUN (Line Drive, 7D), Distance : 355 ft
Batting: RHB Ben Barker 0-0: Called Strike
0-1: Ball
1-1: Ground out 6-3 (Groundball, 6M)
Batting: SHB Gerald Young 0-0: Ball
1-0: Fly out, F7 (Flyball, 7LD)
Top of the 6th over - 1 run(s), 1 hit(s), 0 error(s), 0 left on base; Oregon State 4 - Michigan State 3
BOTTOM OF THE 6TH
Michigan State Spartans batting - Pitching for Oregon State Beavers : LHP Alejandro Alba
Pitching: LHP Robby Vandeveer
Batting: RHB Juan García 0-0: Swinging Strike
0-1: Called Strike
0-2: Strikes out swinging
Batting: SHB Joe Hanson 0-0: Ball
1-0: Foul Ball, location: 2F
1-1: Foul Ball, location: 2F
1-2: SINGLE (Groundball, 6M)
Batting: RHB Donald Brampton 0-0: Ball
1-0: Ball
2-0: Ball
3-0: Called Strike
3-1: Foul Ball, location: 2F
3-2: Foul Ball, location: 2F
3-2: Base on Balls
Joe Hanson to second
Batting: SHB Edmond Richardson 0-0: Called Strike
0-1: Foul Ball, location: 2F
0-2: SINGLE (Groundball, 56D)
Joe Hanson to third
Donald Brampton to second
Runner from 3rd tries for Home, SAFE, throw made home
Batting: RHB Mike Copeland 0-0: Fly out, F9 (Flyball, 89M)
Batting: LHB Troy Jackson 0-0: Foul Ball, location: 2F
0-1: Swinging Strike
0-2: Foul Ball, location: 2F
0-2: Ball
1-2: Foul Ball, location: 2F
1-2: Fly out, F7 (Flyball, 8LM)
Bottom of the 6th over - 1 run(s), 2 hit(s), 0 error(s), 2 left on base; Oregon State 4 - Michigan State 4
TOP OF THE 7TH
Oregon State Beavers batting - Pitching for Michigan State Spartans : RHP Garry Pérez
Batting: RHB Elvis Hendrix 0-0: Called Strike
0-1: SINGLE (Groundball, 5D)
Batting: LHB Horace Hess 0-0: Called Strike
0-1: Ball
1-1: Ball
2-1: Reached on error, E6 (Groundball, 6M)
Elvis Hendrix to second
Batting: RHB Marty Hendrickson 0-0: Called Strike
0-1: Swinging Strike
0-2: Ball
1-2: Fly out, F9 (Flyball, 9M)
Batting: LHB Charlie Dennis 0-0: Ball
1-0: Called Strike
Elvis Hendrix is caught stealing 3rd base
Horace Hess to second
1-1: Swinging Strike
1-2: Ball
2-2: Ball
3-2: Strikes out swinging
Top of the 7th over - 0 run(s), 1 hit(s), 1 error(s), 1 left on base; Oregon State 4 - Michigan State 4
BOTTOM OF THE 7TH
Michigan State Spartans batting - Pitching for Oregon State Beavers : LHP Robby Vandeveer
Batting: SHB Wayne Matthews 0-0: Ball
1-0: Foul Ball, location: 2F
1-1: Swinging Strike
1-2: Foul Ball, location: 2F
1-2: Foul Ball, location: 2F
1-2: Ball
2-2: Strikes out swinging
Batting: LHB Raúl Casillán 0-0: Called Strike
0-1: Fly out, F7 (Flyball, 7M)
Batting: LHB Billy Anderson 0-0: Foul Ball, location: 2F
0-1: Ball
1-1: Ball
2-1: Ground out 4-3 (Groundball, 34D)
Bottom of the 7th over - 0 run(s), 0 hit(s), 0 error(s), 0 left on base; Oregon State 4 - Michigan State 4
TOP OF THE 8TH
Oregon State Beavers batting - Pitching for Michigan State Spartans : RHP Garry Pérez
Pitching: RHP Jake Gillespie
Batting: RHB Tom Hughes 0-0: Called Strike
0-1: Called Strike
0-2: Ball
1-2: Foul Ball, location: 2F
1-2: Ball
2-2: Foul Ball, location: 2F
2-2: Foul Ball, location: 2F
2-2: Foul Ball, location: 2F
2-2: Foul Ball, location: 2F
2-2: Fly out, F5 (Popup, 5SF)
Batting: RHB Jorge Costa 0-0: Ball
1-0: SOLO HOME RUN (Flyball, 8LXD), Distance : 407 ft
Batting: RHB Abraham Hardy 0-0: Fly out, F6 (Line Drive, 6)
Batting: RHB Ben Barker 0-0: SINGLE (Line Drive, 7S)
Pinch Hitting: LHB Bob Johnson 0-0: Ball
1-0: Foul Ball, location: 2F
1-1: Ball
2-1: Foul Ball, location: 2F
2-2: Fly out, F8 (Flyball, 8RXD)
Top of the 8th over - 1 run(s), 2 hit(s), 0 error(s), 1 left on base; Oregon State 5 - Michigan State 4
BOTTOM OF THE 8TH
Michigan State Spartans batting - Pitching for Oregon State Beavers : LHP Robby Vandeveer
Pitching: RHP Sylvester Winters
Now at 1B: Bob Johnson
Batting: RHB Juan García 0-0: Ball
1-0: Ball
2-0: Ground out 6-3 (Groundball, 6M)
Pitching: RHP Jim Dunn
Batting: SHB Joe Hanson 0-0: Ball
1-0: Called Strike
1-1: Called Strike
1-2: Ball
2-2: Strikes out swinging
Batting: RHB Donald Brampton 0-0: Ball
1-0: Ball
2-0: Ball
3-0: Called Strike
3-1: Swinging Strike
3-2: Strikes out swinging
Bottom of the 8th over - 0 run(s), 0 hit(s), 0 error(s), 0 left on base; Oregon State 5 - Michigan State 4
TOP OF THE 9TH
Oregon State Beavers batting - Pitching for Michigan State Spartans : RHP Jake Gillespie
Pitching: RHP Jason Pennington
Batting: RHB Elvis Hendrix 0-0: Foul Ball, location: 2F
0-1: Ball
1-1: Ball
2-1: Ball
3-1: SINGLE (Line Drive, 4)
Batting: LHB Horace Hess 0-0: Ball
Elvis Hendrix is caught stealing 2nd base
1-0: Fly out, F4 (Popup, 4)
Batting: RHB Marty Hendrickson 0-0: Foul Ball, location: 2F
0-1: Called Strike
0-2: Ball
1-2: Ball
2-2: Foul Ball, location: 2F
2-2: Ball
3-2: Fly out, F5 (Popup, 5F)
Top of the 9th over - 0 run(s), 1 hit(s), 0 error(s), 0 left on base; Oregon State 5 - Michigan State 4
BOTTOM OF THE 9TH
Michigan State Spartans batting - Pitching for Oregon State Beavers : RHP Jim Dunn
Pitching: RHP Chandler Haney
Now at SS: Ken Ramsey
Batting: SHB Edmond Richardson 0-0: Ball
1-0: Called Strike
1-1: Ball
2-1: Ball
3-1: Called Strike
3-2: Ground out 5-3 (Groundball, 56S)
Batting: RHB Mike Copeland 0-0: Called Strike
0-1: Called Strike
0-2: Fly out, F7 (Flyball, 78M)
Batting: LHB Troy Jackson 0-0: Called Strike
0-1: Fly out, F7 (Line Drive, 7M)
Bottom of the 9th over - 0 run(s), 0 hit(s), 0 error(s), 0 left on base; Oregon State 5 - Michigan State 4
This league is powered by Out of the Park Baseball, the baseball management simulation game for PC, Mac and Linux
Wednesday, December 2nd, 2015 - OOTP Baseball 16.8 Build 38